 Dungeon Crawl Stone Soup version 0.29-a0-577-gafbf2c5d25 (webtiles) character file.

Game seed: 8528081851600437936

217 dolemite99 the Twirler (level 5, -1/38 HPs)
             Began as a Demonspawn Gladiator on June 14, 2022.
             Frozen to death by an endoplasm (5 damage)
             ... on level 2 of the Dungeon.
             The game lasted 00:03:45 (2550 turns).

dolemite99 the Twirler (Demonspawn Gladiator)       Turns: 2550, Time: 00:03:46

Health: -1/38      AC:  6    Str: 16    XL:     5   Next: 61%
Magic:  5/5        EV: 12    Int: 10    God:
Gold:   98         SH:  0    Dex: 14    Spells: 4/4 levels left

rFire   . . .      SeeInvis .   a - +1 quarterstaff
rCold   . . .      Faith    .   (shield currently unavailable)
rNeg    . . .      Spirit   .   b - +0 leather armour
rPois   .          Reflect  .   g - +0 helmet
rElec   .          Harm     .   m - +1 cloak
rCorr   .          Rampage  .   (no gloves)
Will    .....                   (no boots)
Stlth   +.........              (no amulet)
HPRegen 0.12/turn               (no ring)
MPRegen 0.09/turn               (no ring)

@: no status effects
A: spiny 1
a: no special abilities


You were on level 2 of the Dungeon.
You visited 1 branch of the dungeon, and saw 3 of its levels.

You collected 98 gold pieces.

Inventory:

Hand Weapons
 a - a +1 quarterstaff (weapon)
Missiles
 d - 3 throwing nets (quivered)
 e - a javelin
Armour
 b - a +0 leather armour (worn)
 c - a +0 helmet
 g - a +0 helmet (worn)
 m - a +1 cloak (worn)
 o - a +0 pair of gloves
Magical Staves
 h - a staff of death
Scrolls
 f - a scroll of magic mapping
Potions
 i - a potion of attraction {unknown}
 j - a potion of resistance {unknown}
 k - a potion of curing {unknown}
 l - a potion of mutation {unknown}
 n - a potion of invisibility {unknown}
 q - a potion of ambrosia {unknown}


   Skills:
 - Level 2.0 Fighting
 + Level 5.8 Staves
 - Level 1.7 Throwing
 - Level 2.6 Dodging


You had 4 spell levels left.
You didn't know any spells.
Your spell library contained the following spells:

 Spells                   Type           Power      Damage    Failure   Level
 Gell's Gravitas          Tloc           0%         N/A       80%         3
 Teleport Other           Tloc           0%         N/A       80%         3
 Dispersal                Tloc           0%         N/A       100%        6


Dungeon Overview and Level Annotations

Branches:
Dungeon (3/15)

Altars:
Sif Muna


Innate Abilities, Weirdness & Mutations

You are partially covered in sharp spines.


Message History

You hear a shout! x2
The endoplasm hits you but does no damage.
You completely miss the orc. The endoplasm closely misses you.
The orc is struck by your spines.
The orc barely misses you. 2 orcs come into view.
An orc is wielding a +6 hand axe of draining.
The orc shouts!
The frilled lizard bites you. The endoplasm freezes you.
You are frozen.
An orc priest comes into view. It is wielding a +0 club.
The frilled lizard is struck by your spines.
You kill the frilled lizard!
The endoplasm is struck by your spines. The endoplasm barely misses you.
The orc attacks as you move away! The orc is struck by your spines.
You kill the orc!
There is a stone staircase leading up here.
The orc is struck by your spines. The orc hits you but does no damage.
The endoplasm freezes you.
You are frozen.
You climb upwards.
There is a stone staircase leading down here.
You barely miss the orc. The endoplasm freezes you.
You are frozen.
The orc hits you with a +0 short sword.
* * * LOW HITPOINT WARNING * * *
The orc hits you with a +6 hand axe of draining.
* * * LOW HITPOINT WARNING * * *
You feel drained.
* * * LOW HITPOINT WARNING * * *
You hit the orc but do no damage. The endoplasm is struck by your spines.
The endoplasm hits you but does no damage.
The orc is struck by your spines.
You kill the orc!
The orc is struck by your spines.
You kill the orc!
Your life force feels restored.
The endoplasm freezes you.
You are frozen.
You die...

.....## ......##
.......# .......#
.......########
.......##.....# ###
.......##.....# ##.##
.......##.....#####...#
......###.....#>@...#<#
.....## #.....)J#####.#
###
#.....#####.#..)#####.##
#..
##.##..####...#........#
#..
#..##..#....########..#
#.. ###..#.......# #..#
#.. .....#...##### #..##
#.. .......#..#
#...##### #..
.......##.#
#.......###..


You could see an endoplasm.

Vanquished Creatures
  A scorpion (D:2)
  2 orc priests (D:3)
  Terence (D:2)
  3 adders (D:2)
  A worm (D:2)
  A dart slug (D:1)
  3 orcs
  6 bats
  5 endoplasms
  3 giant cockroaches (D:2)
  2 goblins
  A hobgoblin (D:3)
  7 kobolds
  2 quokkas (D:1)
  6 ball pythons
  4 frilled lizards
  4 rats
52 creatures vanquished.

Notes
Turn   | Place    | Note
-------+----------+-------------------------------------------
     0 | D:1      | dolemite99 the Demonspawn Gladiator began the quest for the
                  | Orb.
     0 | D:1      | Reached XP level 1. HP: 16/16 MP: 1/1
   334 | D:1      | Reached skill level 3 in Staves
   448 | D:1      | Gained mutation: You are partially covered in sharp spines.
                  | [demonic ancestry]
   448 | D:1      | Reached XP level 2. HP: 22/22 MP: 2/2
  1344 | D:2      | Reached XP level 3. HP: 27/27 MP: 3/3
  1413 | D:2      | Reached skill level 4 in Staves
  1435 | D:2      | Found a faded altar of an unknown god.
  1441 | D:2      | Prayed at the altar of an unknown god.
  1441 | D:2      | Became a worshipper of Sif Muna the Loreminder
  1441 | D:2      | Reached * piety under Sif Muna
  1484 | D:2      | Fell from the grace of Sif Muna
  1690 | D:2      | Noticed Terence
  1710 | D:2      | Killed Terence
  1711 | D:2      | Reached XP level 4. HP: 22/33 MP: 4/4
  1971 | D:2      | Noticed a scorpion
  1980 | D:2      | Killed a scorpion
  1981 | D:2      | Reached skill level 5 in Staves
  2424 | D:2      | Reached XP level 5. HP: 37/38 MP: 5/5
  2550 | D:2      | Frozen to death by an endoplasm

Illustrated notes

Levels and vault maps discovered:
D:1:      evilmike_arrival_plus, layout_basic,
          wander_ebering_terrifying_dragon_lair
D:2:      layout_rooms, chequers_ecumenical_altar_grove, nrook_loot_triangle,
          uniq_terence
D:3:      layout_rooms, grunt_decor_fettered, uniq_crazy_yiuf_cottage

Skill      XL: |  1  2  3  4 |
---------------+-------------+-----
Staves         | 3 4 5 |  5.8
Fighting       | |  2.0
Throwing       | |  1.7
Dodging        | |  2.6

Action                   |  1- 3 |  4- 6 || total
-------------------------+-------+-------++-------
Melee: Quarterstaff      |    80 |    36 ||   116
Invok: Renounce Religion |     1 |       ||     1
  Use: Scroll            |     3 |     3 ||     6
       Potion            |     1 |     1 ||     2
 Stab: Sleeping          |     1 |       ||     1
Armor: Leather armour    |    24 |    10 ||    34
       Skin              |    10 |    14 ||    24
Dodge: Dodged            |    44 |    21 ||    65

Table legend: (Time is in decaauts)
 A = Elapsed time spent in this place.
 B = Non-inter-level travel time spent in this place.
 C = Inter-level travel time spent in this place.
 D = Time resting spent in this place.
 E = Time spent auto-exploring this place.
 F = Levels seen in this place.
 G = Mean time per level.
                   A        B        C        D        E       F      G
               +--------+--------+--------+--------+--------+-----+--------+
         Total |   2560 |   2497 |     63 |   1102 |    898 |   3 |  853.3 |
       Dungeon |   2560 |   2497 |     63 |   1102 |    898 |   3 |  853.3 |
               +--------+--------+--------+--------+--------+-----+--------+

Top non-repeatable levels by time:
     D:1: 1271 daAuts
     D:2: 1240 daAuts
     D:3: 48 daAuts
